 Dungeon Crawl Stone Soup version 0.25-a0-701-gb30f108f01 (webtiles) character file.

Game seed: 2693890357729809109, levelgen mode: deterministic

3155 Flugslaktarn the Cleaver (level 9, -5/82 HPs)
             Began as a Deep Dwarf Fighter on Apr 3, 2020.
             Was a Believer of Makhleb.
             Slain by a vampire (7 damage)
             ... on level 9 of the Dungeon.
             The game lasted 00:03:02 (3962 turns).

Flugslaktarn the Cleaver (Deep Dwarf Fighter)       Turns: 3962, Time: 00:03:02

Health: -5/82      AC: 13    Str: 21    XL:     9   Next: 62%
Magic:  7/7        EV:  5    Int:  8    God:    Makhleb [**....]
Gold:   274        SH: 11    Dex: 12    Spells: 8/8 levels left

rFire    . . .     SeeInvis .   p - +3 hand axe
rCold    . . .     Gourm    .   c - +1 kite shield
rNeg     . . .     Faith    .   n - +0 plate armour
rPois    .         Spirit   .   (no helmet)
rElec    .         Reflect  .   (no cloak)
rCorr    .         Harm     .   (no gloves)
MR       +....                  (no boots)
Stlth    ..........             i - amulet of rage
HPRegen  0.00/turn              m - -3 ring of strength (curse)
MPRegen  0.10/turn              (no ring)

@: non-regenerating
A: damage resistance, heal wounds, sense surroundings 2, no regeneration
a: Heal Wounds, Minor Destruction, Renounce Religion, Evoke Berserk Rage


You were on level 9 of the Dungeon.
You worshipped Makhleb.
Makhleb was pleased with you.
You were not hungry.

You visited 2 branches of the dungeon, and saw 10 of its levels.

You collected 274 gold pieces.

Inventory:

Hand Weapons
 a - a +0 war axe
 p - a +3 hand axe (weapon)
   (You found it on level 6 of the Dungeon)
Missiles
 z - a throwing net (quivered)
Armour
 c - a +1 kite shield (worn)
 n - a +0 plate armour (worn)
   (You took it off an orc warrior on level 4 of the Dungeon)
Jewellery
 f - an uncursed ring of fire
   (You found it on level 1 of the Dungeon)
 i - an amulet of rage (around neck)
   (You found it on level 3 of the Dungeon)
 m - a cursed -3 ring of strength (left hand)
   (You found it on level 7 of the Dungeon)
Scrolls
 g - 2 scrolls of fog
 t - 3 scrolls of teleportation
 y - a scroll of summoning {unknown}
Potions
 b - a potion of mutation {unknown}
 d - a potion of might
 h - 2 potions of lignification
 j - 3 potions of brilliance
 k - a potion of stabbing {unknown}
 l - a potion of berserk rage {unknown}
 o - a potion of heal wounds {unknown}
 q - a potion of magic {unknown}
 s - 3 potions of curing {unknown}
 w - a potion of flight {unknown}
 x - a potion of resistance {unknown}
Comestibles
 e - 12 rations
 u - 9 chunks of flesh


   Skills:
 + Level 5.8 Fighting
 * Level 9.0 Axes
 + Level 6.8 Armour
 + Level 6.9 Shields
 + Level 6.7 Invocations


You had 8 spell levels left.
You didn't know any spells.
Your spell library was empty.

Dungeon Overview and Level Annotations

Branches:
Dungeon (9/15)             Temple (1/1) D:4
   Lair: D:8-11         Orc: D:9-12

Altars:
Cheibriados
Dithmenos
Elyvilon
Gozag
Makhleb
Nemelex Xobeh
Okawaru
Ru
Trog
Vehumet
Xom
Yredelemnul
Zin

Annotations:
D:4 2 transporters
D:6 1 runed translucent door


Innate Abilities, Weirdness & Mutations

You are resistant to damage.
You can heal yourself by infusing magical energy.
You passively map the area around you.
You do not regenerate.


Message History

* * * LOW HITPOINT WARNING * * *
Your shield and plate armour prevent you from hitting something.
Something hits you. Something bites you but does no damage.
You closely miss something. Something hits you!
* * * LOW HITPOINT WARNING * * *
Something bites you.
* * * LOW HITPOINT WARNING * * *
Something draws strength from your injuries!
You hit something. Something hits you!
* * * LOW HITPOINT WARNING * * *
Something bites you but does no damage.
You completely miss something. You slash something!
Something hits you but does no damage. You block something's attack.
You miss something. Something hits you but does no damage. Something bites you.
Something draws strength from your injuries!
You closely miss something.
Unholy energy fills the air.
* * * LOW HITPOINT WARNING * * *
You hit something. Something hits you!
You die...

, , , ,...........
, , , * #..........
, , *# ,
###.........#*
..####...........#
,
.......#...[.....#
.......#..)....?..*
** ,
....#.<..........,
,, , ,
#............... *
, ,
*##...)@..##o....
*,,, * #..##{)###
..... , , #......#
...# *, , * *
#....#.# *, .... ,,
*, #....... ,, * ,
,, * .....#.#. , ,
* , .##..*#*# ,, *,
, * ... , , , * ,,
* * , * ,,,


There were no monsters in sight!

Vanquished Creatures
  A troll (D:9)
  4 hogs (D:8)
  A human (D:8)
  Eustachio (D:4)
  4 orc warriors
  A sky beast (D:7)
  2 ice beasts
  2 ogres
  A centaur (D:7)
  Blork the orc (D:6)
  4 bullfrogs
  A gnoll sergeant (D:8)
  3 howler monkeys
  2 crimson imps
  2 orc priests
  2 orc wizards
  2 hounds
  5 jellies
  8 worker ants
  A worker ant zombie (D:6)
  3 gnolls (D:8)
  3 adders
  A worm (D:4)
  2 leopard geckos
  25 orcs
  A giant cockroach (D:4)
  A goblin (D:1)
  A hobgoblin (D:3)
  An iguana (D:5)
  2 jackals (D:6)
  3 kobolds
  A quokka (D:6)
  A ball python skeleton (D:5)
  5 bats
  3 frilled lizards
  A leopard gecko skeleton (D:5)
  2 rats (D:1)
104 creatures vanquished.

Notes
Turn   | Place    | Note
-------+----------+-------------------------------------------
     0 | D:1      | Flugslaktarn the Deep Dwarf Fighter began the quest for the
                  | Orb.
     0 | D:1      | Reached XP level 1. HP: 20/20 MP: 1/1
   107 | D:1      | Reached XP level 2. HP: 25/27 MP: 2/2
   298 | D:4      | Found a staircase to the Ecumenical Temple.
   309 | D:4      | Reached skill level 3 in Axes
   309 | D:4      | Reached XP level 3. HP: 29/34 MP: 2/2
   313 | Temple   | Entered the Ecumenical Temple
   530 | Temple   | Became a worshipper of Makhleb the Destroyer
   598 | D:4      | Reached XP level 4. HP: 18/42 MP: 3/3
   640 | D:4      | Reached skill level 1 in Invocations
   742 | D:4      | Noticed an ogre
   750 | D:4      | Killed an ogre
   750 | D:4      | Reached skill level 4 in Axes
   750 | D:4      | Reached XP level 5. HP: 34/49 MP: 3/5
   801 | D:4      | Reached XP level 6. HP: 30/56 MP: 6/6
  1113 | D:4      | Found a transporter.
  1126 | D:4      | Found a transporter.
  1163 | D:4      | Noticed Eustachio
  1261 | D:4      | Killed Eustachio
  1261 | D:4      | Reached skill level 5 in Axes
  1261 | D:4      | Reached XP level 7. HP: 45/63 MP: 7/7
  1293 | D:5      | Entered Level 5 of the Dungeon
  1347 | D:4      | Reached * piety under Makhleb
  1347 | D:4      | Reached skill level 5 in Shields
  1475 | D:5      | Reached skill level 5 in Armour
  1485 | D:5      | Found an iron altar of Okawaru.
  1618 | D:5      | Found a radiant altar of Vehumet.
  1690 | D:5      | Found a shimmering altar of Xom.
  1718 | D:5      | Reached skill level 6 in Axes
  1918 | D:6      | Reached XP level 8. HP: 53/73 MP: 5/5
  1919 | D:6      | Noticed Blork the orc
  1928 | D:6      | Killed Blork the orc
  1942 | D:6      | Found a runed translucent door.
  1948 | D:6      | Found a basalt altar of Yredelemnul.
  2234 | D:6      | Reached skill level 7 in Axes
  2458 | D:6      | Reached skill level 5 in Invocations
  2815 | D:7      | Found a sparkling altar of Nemelex Xobeh.
  2866 | D:7      | Reached skill level 5 in Fighting
  2925 | D:7      | Reached ** piety under Makhleb
  3759 | D:8      | Reached skill level 8 in Axes
  3759 | D:8      | Gained mutation: You passively map the area around you.
                  | [Deep Dwarf growth]
  3759 | D:8      | Reached XP level 9. HP: 64/81 MP: 6/6
  3859 | D:8      | Noticed a five-headed hydra
  3873 | D:9      | Noticed a troll
  3904 | D:9      | Killed a troll
  3939 | D:9      | Reached skill level 9 in Axes
  3961 | D:9      | HP: 2/82 [something/vampiric draining (9)]
  3962 | D:9      | Slain by a vampire

Levels and vault maps discovered:
D:1:      lightli_arrival_isolated_outpost, layout_basic
D:2:      layout_loops_ring, lemuel_crystal_altar,
          nicolae_tso_swordbearing_angel, minmay_overflow_temple_star_hex,
          first_ration
D:3:      wander_river, layout_basic, regret_index_temple_of_mockery,
          lemuel_round_altar, nemelex_altar_shiori, uniq_ijyb
D:4:      gammafunk_steamed_eel, layout_loops_ring, minmay_temple_entry_glass,
          uniq_eustachio
D:5:      layout_gridville, vehumet_altar_wand_db, lemuel_crystal_altar,
          dk_xom_monty_hall
D:6:      layout_cave_pods, dk_yredelemnul_ordeal, uniq_blork_the_orc
D:7:      layout_basic, nemelex_lonely_heart_becter
D:8:      layout_loops_ring, grunt_livestock, chequers_serial_rivers_micro_d
D:9:      layout_cave_pools
Temple:   jpeg_temple_island

Skill      XL: |  1  2  3  4  5  6  7  8  9 |
---------------+----------------------------+-----
Fighting       | 3 4 5 |  5.8
Axes           | 3 4 5 6 8 9 |  9.0
Invocations    | 2 3 4 5 6 |  6.7
Armour         | 4 5 6 |  6.8
Shields        | 4 5 6 |  6.9

Action                   |  1- 3 |  4- 6 |  7- 9 || total
-------------------------+-------+-------+-------++-------
Melee: War axe           |    54 |   169 |   152 ||   375
       Hand axe          |       |       |   234 ||   234
 Abil: Heal Wounds       |     1 |     8 |    24 ||    33
  Use: Scroll            |       |       |     9 ||     9
  Eat: Chunk             |       |     1 |     7 ||     8
       Ration            |       |       |     1 ||     1
Armor: Scale mail        |    41 |   189 |    16 ||   246
       Plate armour      |       |       |   174 ||   174
Dodge: Dodged            |    20 |   127 |    88 ||   235
Block: Kite shield       |    57 |   189 |   271 ||   517

Table legend:
 A = Non-vault XP
 B = Vault XP
 C = Vault XP percentage of total XP
 D = Non-vault monster count
 E = Vault monster count
 F = Vault count percentage of total count
                 A         B        C        D         E       F
            +---------+---------+-------+---------+---------+-------
      Total |    3136 |    1372 |  30.4 |      93 |      11 |  10.6
            +---------+---------+-------+---------+---------+-------
        D:1 |      12 |       0 |   0.0 |       8 |       0 |   0.0
        D:2 |       5 |       0 |   0.0 |       3 |       0 |   0.0
        D:3 |      18 |       0 |   0.0 |       5 |       0 |   0.0
        D:4 |     664 |     185 |  21.8 |      26 |       1 |   3.7
        D:5 |     275 |      87 |  24.0 |       7 |       4 |  36.4
        D:6 |     945 |     102 |   9.7 |      24 |       1 |   4.0
        D:7 |     296 |       0 |   0.0 |       4 |       0 |   0.0
        D:8 |     306 |     998 |  76.5 |       7 |       5 |  41.7
        D:9 |     615 |       0 |   0.0 |       9 |       0 |   0.0
            +---------+---------+-------+---------+---------+-------
